 Dungeon Crawl Stone Soup version 0.21.0-25-ge575cb9 (webtiles) character file.

2338 tidbits the Magician (level 9, -1/97 HPs)
             Began as a Gnoll Ice Elementalist on Jan 24, 2018.
             Slain by a gnoll
             ... wielding a +0 spear
              (8 damage)
             ... on level 8 of the Dungeon.
             The game lasted 00:23:03 (2238 turns).

tidbits the Magician (Gnoll Ice Elementalist)       Turns: 2238, Time: 00:23:04

Health: -1/97      AC:  3    Str: 15    XL:     9   Next: 43%
Magic:  18/18      EV: 16    Int: 22    God:
Gold:   271        SH:  0    Dex: 15    Spells: 11/21 levels left

rFire    . . .     SeeInvis .   i - +1 whip (venom)
rCold    . . .     Gourm    .   (no shield)
rNeg     . . .     Faith    .   B - +0 robe
rPois    .         Spirit   .   E - +0 helmet
rElec    .         Reflect  .   (no cloak)
rCorr    .         Harm     .   (no gloves)
MR       .....                  (no boots)
Stlth    ..........             z - amulet of rage
HPRegen  0.26/turn              (no ring)
MPRegen  0.16/turn              (no ring)

@: berserking (expiring), very quick
A: distributed training, fangs 1, strong nose
a: Evoke Berserk Rage


You were on level 8 of the Dungeon.
You were near starving.

You visited 2 branches of the dungeon, and saw 9 of its levels.

You collected 271 gold pieces.

Inventory:

Hand Weapons
 a - a +1 dagger of protection
   (You found it on level 7 of the Dungeon)
 d - a +0 dagger
 g - a +0 blowgun
 i - a +1 whip of venom (weapon)
   (You found it on level 2 of the Dungeon)
 k - a +0 short sword
 s - a +0 club
 v - a +2 dagger of freezing
   (You took it off an orc wizard on level 6 of the Dungeon)
 x - a +0 flail
 y - a +0 hunting sling
 D - a +0 flail
 G - a +0 shortbow
Missiles
 p - 3 curare-tipped needles
 t - 28 poisoned needles
 H - 11 arrows
Armour
 f - a +0 helmet
 n - a +0 ring mail
 o - a +0 ring mail
 w - a +0 scale mail
 B - a +0 robe (worn)
 E - a +0 helmet (worn)
Magical Staves
 m - an uncursed staff of summoning
   (You found it on level 2 of the Dungeon)
 A - an uncursed staff of air
   (You found it on level 7 of the Dungeon)
Jewellery
 z - an amulet of rage (around neck)
   (You found it on level 6 of the Dungeon)
Wands
 h - a wand of flame (14)
 q - a wand of acid (1)
Scrolls
 e - a scroll of fear
 j - a scroll of random uselessness
 l - 2 scrolls of teleportation
 u - a scroll of immolation
 J - a scroll of identify
Potions
 C - a potion of might
 F - a potion of curing
 I - a potion of berserk rage
Books
 b - a book of Frost

   Spells                             Type                      Level
   a - Freeze                         Ice                          1
   b - Throw Frost                    Conjuration/Ice              2
   c - Ozocubu's Armour               Charms/Ice                   3
   d - Throw Icicle                   Conjuration/Ice              4
   e - Summon Ice Beast               Ice/Summoning                4
Comestibles
 c - 10 rations


   Skills:
 + Level 4.1 Fighting
 + Level 4.1 Short Blades
 + Level 4.1 Long Blades
 + Level 4.1 Axes
 + Level 4.1 Maces & Flails
 + Level 4.1 Polearms
 + Level 4.1 Staves
 + Level 4.1 Slings
 + Level 4.1 Bows
 + Level 4.1 Crossbows
 + Level 4.1 Throwing
 + Level 4.1 Armour
 + Level 6.2 Dodging
 + Level 6.0 Stealth
 + Level 4.1 Shields
 + Level 4.1 Unarmed Combat
 + Level 6.6 Spellcasting
 + Level 4.1 Conjurations
 + Level 3.4 Hexes
 + Level 3.4 Charms
 + Level 3.4 Summonings
 + Level 3.4 Necromancy
 + Level 3.4 Translocations
 + Level 3.4 Transmutations
 + Level 3.4 Fire Magic
 + Level 6.5 Ice Magic
 + Level 3.4 Air Magic
 + Level 3.4 Earth Magic
 + Level 3.4 Poison Magic
 + Level 4.5 Invocations
 + Level 4.1 Evocations


You had 11 spell levels left.
You knew the following spells:

 Your Spells              Type           Power        Failure   Level  Hunger
a - Freeze                Ice            ####         1%          1    None
i - Throw Icicle          Conj/Ice       ####....     10%         4    ###....
o - Ozocubu's Armour      Chrm/Ice       ####....     3%          3    #......
t - Throw Frost           Conj/Ice       ####..       1%          2    None


Dungeon Overview and Level Annotations

Branches:
Dungeon (8/15)             Temple (1/1) D:6
   Lair: D:8-11

Altars:
Ashenzari
Fedhas
Gozag
Hepliaklqana
Kikubaaqudgha
Makhleb
Nemelex Xobeh
Qazlal
Ru
Sif Muna
Trog
Uskayaw
Wu Jian
Xom
The Shining One

Annotations:
D:4 Mgcat's ghost, amateur TrTm


Innate Abilities, Weirdness & Mutations

Your experience applies equally to all skills.
You have very sharp teeth.
Your uncanny sense of smell can sniff out nearby items.


Message History

The jackal barely misses you.
You barely miss the gnoll.
The gnoll hits you from afar with a halberd!
The gnoll closely misses you.
The jackal bites you but does no damage.
The jackal misses you.
You hit the gnoll but do no damage.
The gnoll is poisoned.
The gnoll closely misses you. The jackal bites you.
The jackal closely misses you.
You completely miss the gnoll. The gnoll closely misses you.
The gnoll hits you but does no damage.
The gnoll hits you from afar with a spear.
The jackal barely misses you.
Unknown command.
You whack the gnoll!
You kill the gnoll!
The jackal completely misses you.
You barely miss the jackal. The jackal closely misses you.
The gnoll hits you from afar with a halberd!
* * * LOW HITPOINT WARNING * * *
The jackal misses you. The gnoll closely misses you.
You barely miss the jackal. The jackal misses you.
You whack the two-headed ogre!
The two-headed ogre is poisoned.
The two-headed ogre is moderately wounded.
The jackal misses you.
The gnoll hits you from afar with a spear.
* * * LOW HITPOINT WARNING * * *
You completely miss the two-headed ogre.
The two-headed ogre is moderately wounded.
The jackal bites you.
* * * LOW HITPOINT WARNING * * *
The gnoll closely misses you. The gnoll barely misses you.
The jackal bites you but does no damage.
You completely miss the two-headed ogre.
Your bite misses the two-headed ogre.
The two-headed ogre is moderately wounded.
The two-headed ogre closely misses you.
The two-headed ogre hits you with a giant spiked club!
* * * LOW HITPOINT WARNING * * *
The jackal barely misses you.
You whack the two-headed ogre!
The two-headed ogre is heavily wounded.
The jackal closely misses you.
The gnoll hits you from afar with a halberd.
* * * LOW HITPOINT WARNING * * *
The gnoll closely misses you. The jackal barely misses you.
You whack the two-headed ogre!
The two-headed ogre looks as sick as possible!
The two-headed ogre is severely wounded.
The jackal bites you but does no damage.
The two-headed ogre hits you with a giant club!!
* * * LOW HITPOINT WARNING * * *
The two-headed ogre barely misses you. The jackal closely misses you.
You hit the two-headed ogre.
The two-headed ogre is severely wounded.
The gnoll misses you. x2; The jackal closely misses you.
You whack the two-headed ogre!
The two-headed ogre looks as sick as possible!
The two-headed ogre is almost dead.
The jackal barely misses you. The gnoll closely misses you.
The two-headed ogre hits you with a giant club.
* * * LOW HITPOINT WARNING * * *
The two-headed ogre closely misses you. The jackal completely misses you.
You whack the two-headed ogre!
You kill the two-headed ogre!
Your Fighting skill increases to level 4!
Your Short Blades skill increases to level 4!
Your Long Blades skill increases to level 4!
Your Axes skill increases to level 4!
Your Maces & Flails skill increases to level 4!
Your Polearms skill increases to level 4!
Your Staves skill increases to level 4!
Your Slings skill increases to level 4!
Your Bows skill increases to level 4!
Your Crossbows skill increases to level 4!
Your Throwing skill increases to level 4!
Your Armour skill increases to level 4!
Your Stealth skill increases to level 6!
Your Shields skill increases to level 4!
Your Unarmed Combat skill increases to level 4!
Your Conjurations skill increases to level 4!
Your Evocations skill increases to level 4!
The jackal closely misses you. The gnoll hits you but does no damage.
You hit the jackal.
The jackal is severely wounded.
The jackal bites you but does no damage.
The jackal misses you. The gnoll barely misses you.
You hit the jackal.
You kill the jackal!
The jackal bites you.
* * * LOW HITPOINT WARNING * * *
The gnoll closely misses you. The gnoll completely misses you.
The gnoll misses you.
You whack the gnoll!
The gnoll is poisoned.
The gnoll is severely wounded.
The jackal misses you.
You hit the gnoll but do no damage.
The gnoll is almost dead.
The gnoll barely misses you. x2
The gnoll hits you from afar with a spear!
You die...

#.....# #.....#
#.....######.....# ..
##............#+##...
∆
#............#......
∆
#............'......
#...........†#......
#............# .....
#............# [...
#.........<.@####+##
#..........hg.g.....
#..(..........g?....
...#####+#....... ).∆
....... . ∆ .......
....... .......
g......


You could see 3 gnolls and a jackal.

Vanquished Creatures
  A two-headed ogre (D:8)
  Grinder (D:4)
  Prince Ribbit (D:6)
  An orc warrior (D:6)
  An ice beast (Temple)
  A sky beast (D:6)
  A phantom (D:4)
  A centaur (D:6)
  3 bullfrogs
  3 scorpions
  A howler monkey (D:7)
  2 crimson imps (D:7)
  A centaur zombie (D:6)
  An orc priest (D:3)
  A centaur skeleton (D:7)
  A hound (D:4)
  3 orc wizards
  3 worker ants
  A killer bee zombie (D:5)
  A hound skeleton (D:7)
  4 adders
  A gnoll (D:8)
  A shadow imp (D:4)
  An ooze (D:5)
  An adder skeleton (D:4)
  An adder zombie (D:5)
  3 worms
  A dart slug (D:1)
  6 leopard geckos
  16 orcs
  A giant cockroach (D:2)
  4 hobgoblins
  7 jackals
  3 quokkas
  3 ball pythons
  A bat (D:2)
  2 frilled lizards
  5 kobolds
  2 rats
92 creatures vanquished.

Vanquished Creatures (others)
  A quokka zombie (D:6)
1 creature vanquished.

Grand Total: 93 creatures vanquished

Notes
Turn   | Place    | Note
-------+----------+-------------------------------------------
     0 | D:1      | tidbits the Gnoll Ice Elementalist began the quest for the Orb.
     0 | D:1      | Reached XP level 1. HP: 13/13 MP: 6/6
    39 | D:1      | Reached skill level 2 in Conjurations
    39 | D:1      | Reached XP level 2. HP: 19/19 MP: 4/7
    43 | D:1      | Learned a level 2 spell: Throw Frost
   120 | D:2      | Found a hide-covered altar of Uskayaw.
   385 | D:3      | Reached XP level 3. HP: 9/25 MP: 7/9
   386 | D:3      | Reached skill level 5 in Spellcasting
   399 | D:3      | Learned a level 3 spell: Ozocubu's Armour
   543 | D:4      | Noticed a scorpion
   552 | D:4      | Killed a scorpion
   552 | D:4      | Reached skill level 1 in Fighting
   552 | D:4      | Reached skill level 1 in Short Blades
   552 | D:4      | Reached skill level 1 in Long Blades
   552 | D:4      | Reached skill level 1 in Axes
   552 | D:4      | Reached skill level 1 in Maces & Flails
   552 | D:4      | Reached skill level 1 in Polearms
   552 | D:4      | Reached skill level 1 in Staves
   552 | D:4      | Reached skill level 1 in Slings
   552 | D:4      | Reached skill level 1 in Bows
   552 | D:4      | Reached skill level 1 in Crossbows
   552 | D:4      | Reached skill level 1 in Throwing
   552 | D:4      | Reached skill level 1 in Armour
   552 | D:4      | Reached skill level 1 in Shields
   552 | D:4      | Reached skill level 1 in Unarmed Combat
   552 | D:4      | Reached skill level 1 in Invocations
   552 | D:4      | Reached skill level 1 in Evocations
   552 | D:4      | Reached XP level 4. HP: 17/32 MP: 7/11
   582 | D:4      | Noticed Grinder
   634 | D:4      | HP: 2/32 [Grinder (5)]
   636 | D:4      | Killed Grinder
   636 | D:4      | Reached skill level 1 in Hexes
   636 | D:4      | Reached skill level 1 in Charms
   636 | D:4      | Reached skill level 1 in Summonings
   636 | D:4      | Reached skill level 1 in Necromancy
   636 | D:4      | Reached skill level 1 in Translocations
   636 | D:4      | Reached skill level 1 in Transmutations
   636 | D:4      | Reached skill level 1 in Fire Magic
   636 | D:4      | Reached skill level 1 in Air Magic
   636 | D:4      | Reached skill level 1 in Earth Magic
   636 | D:4      | Reached skill level 1 in Poison Magic
   636 | D:4      | Reached skill level 2 in Invocations
   636 | D:4      | Reached XP level 5. HP: 2/38 MP: 12/12
   636 | D:4      | Reached XP level 6. HP: 3/44 MP: 14/14
   652 | D:4      | Learned a level 4 spell: Throw Icicle
   692 | D:3      | Reached skill level 5 in Dodging
   699 | D:3      | Reached skill level 2 in Fighting
   699 | D:3      | Reached skill level 2 in Short Blades
   699 | D:3      | Reached skill level 2 in Long Blades
   699 | D:3      | Reached skill level 2 in Axes
   699 | D:3      | Reached skill level 2 in Maces & Flails
   699 | D:3      | Reached skill level 2 in Polearms
   699 | D:3      | Reached skill level 2 in Staves
   699 | D:3      | Reached skill level 2 in Slings
   699 | D:3      | Reached skill level 2 in Bows
   699 | D:3      | Reached skill level 2 in Crossbows
   699 | D:3      | Reached skill level 2 in Throwing
   699 | D:3      | Reached skill level 2 in Armour
   699 | D:3      | Reached skill level 2 in Shields
   699 | D:3      | Reached skill level 2 in Unarmed Combat
   699 | D:3      | Reached skill level 2 in Evocations
   905 | D:4      | Noticed Mgcat's ghost (amateur TrTm)
   927 | D:4      | Reached XP level 7. HP: 38/50 MP: 15/15
   987 | D:5      | Entered Level 5 of the Dungeon
  1245 | D:8      | Reached skill level 2 in Hexes
  1245 | D:8      | Reached skill level 2 in Charms
  1245 | D:8      | Reached skill level 2 in Summonings
  1245 | D:8      | Reached skill level 2 in Necromancy
  1245 | D:8      | Reached skill level 2 in Translocations
  1245 | D:8      | Reached skill level 2 in Transmutations
  1245 | D:8      | Reached skill level 2 in Fire Magic
  1245 | D:8      | Reached skill level 2 in Air Magic
  1245 | D:8      | Reached skill level 2 in Earth Magic
  1245 | D:8      | Reached skill level 2 in Poison Magic
  1306 | D:7      | Reached skill level 3 in Conjurations
  1340 | D:7      | Reached skill level 5 in Stealth
  1374 | D:6      | Found a staircase to the Ecumenical Temple.
  1381 | Temple   | Entered the Ecumenical Temple
  1387 | Temple   | Reached skill level 3 in Invocations
  1432 | D:6      | Reached skill level 6 in Ice Magic
  1432 | D:6      | Reached XP level 8. HP: 36/57 MP: 16/16
  1443 | D:6      | Noticed Prince Ribbit
  1455 | D:6      | Killed Prince Ribbit
  1455 | D:6      | Reached skill level 3 in Fighting
  1455 | D:6      | Reached skill level 3 in Short Blades
  1455 | D:6      | Reached skill level 3 in Long Blades
  1455 | D:6      | Reached skill level 3 in Axes
  1455 | D:6      | Reached skill level 3 in Maces & Flails
  1455 | D:6      | Reached skill level 3 in Polearms
  1455 | D:6      | Reached skill level 3 in Staves
  1455 | D:6      | Reached skill level 3 in Slings
  1455 | D:6      | Reached skill level 3 in Bows
  1455 | D:6      | Reached skill level 3 in Crossbows
  1455 | D:6      | Reached skill level 3 in Throwing
  1455 | D:6      | Reached skill level 3 in Armour
  1455 | D:6      | Reached skill level 3 in Shields
  1455 | D:6      | Reached skill level 3 in Unarmed Combat
  1455 | D:6      | Reached skill level 3 in Evocations
  1564 | D:6      | HP: 4/58 [sky beast (5)]
  1572 | D:6      | Reached skill level 6 in Spellcasting
  1996 | D:4      | Reached skill level 4 in Invocations
  2076 | D:6      | Reached skill level 3 in Hexes
  2076 | D:6      | Reached skill level 3 in Charms
  2076 | D:6      | Reached skill level 3 in Summonings
  2076 | D:6      | Reached skill level 3 in Necromancy
  2076 | D:6      | Reached skill level 3 in Translocations
  2076 | D:6      | Reached skill level 3 in Transmutations
  2076 | D:6      | Reached skill level 3 in Fire Magic
  2076 | D:6      | Reached skill level 3 in Air Magic
  2076 | D:6      | Reached skill level 3 in Earth Magic
  2076 | D:6      | Reached skill level 3 in Poison Magic
  2209 | D:8      | Reached skill level 6 in Dodging
  2209 | D:8      | Reached XP level 9. HP: 45/65 MP: 18/18
  2215 | D:8      | Noticed a two-headed ogre
  2234 | D:8      | Killed a two-headed ogre
  2234 | D:8      | Reached skill level 4 in Fighting
  2234 | D:8      | Reached skill level 4 in Short Blades
  2234 | D:8      | Reached skill level 4 in Long Blades
  2234 | D:8      | Reached skill level 4 in Axes
  2234 | D:8      | Reached skill level 4 in Maces & Flails
  2234 | D:8      | Reached skill level 4 in Polearms
  2234 | D:8      | Reached skill level 4 in Staves
  2234 | D:8      | Reached skill level 4 in Slings
  2234 | D:8      | Reached skill level 4 in Bows
  2234 | D:8      | Reached skill level 4 in Crossbows
  2234 | D:8      | Reached skill level 4 in Throwing
  2234 | D:8      | Reached skill level 4 in Armour
  2234 | D:8      | Reached skill level 6 in Stealth
  2234 | D:8      | Reached skill level 4 in Shields
  2234 | D:8      | Reached skill level 4 in Unarmed Combat
  2234 | D:8      | Reached skill level 4 in Conjurations
  2234 | D:8      | Reached skill level 4 in Evocations
  2236 | D:8      | HP: 7/97 [jackal (3)]
  2238 | D:8      | Slain by a gnoll

Skill      XL: |  1  2  3  4  5  6  7  8  9 |
---------------+----------------------------+-----
Conjurations   | 2 3 4 |  4.1
Spellcasting   | 5 6 |  6.6
Fighting       | 1 2 3 4 |  4.1
Short Blades   | 1 2 3 4 |  4.1
Long Blades    | 1 2 3 4 |  4.1
Axes           | 1 2 3 4 |  4.1
Maces & Flails | 1 2 3 4 |  4.1
Polearms       | 1 2 3 4 |  4.1
Staves         | 1 2 3 4 |  4.1
Slings         | 1 2 3 4 |  4.1
Bows           | 1 2 3 4 |  4.1
Crossbows      | 1 2 3 4 |  4.1
Throwing       | 1 2 3 4 |  4.1
Armour         | 1 2 3 4 |  4.1
Shields        | 1 2 3 4 |  4.1
Unarmed Combat | 1 2 3 4 |  4.1
Invocations    | 1 2 3 4 |  4.5
Evocations     | 1 2 3 4 |  4.1
Hexes          | 1 2 3 |  3.4
Charms         | 1 2 3 |  3.4
Summonings     | 1 2 3 |  3.4
Necromancy     | 1 2 3 |  3.4
Translocations | 1 2 3 |  3.4
Transmutations | 1 2 3 |  3.4
Fire Magic     | 1 2 3 |  3.4
Air Magic      | 1 2 3 |  3.4
Earth Magic    | 1 2 3 |  3.4
Poison Magic   | 1 2 3 |  3.4
Dodging        | 5 6 |  6.2
Stealth        | 5 6 |  6.0
Ice Magic      | 6 |  6.5

Action                   |  1- 3 |  4- 6 |  7- 9 || total
-------------------------+-------+-------+-------++-------
Melee: Club              |     4 |       |       ||     4
       Whip              |    25 |    11 |    90 ||   126
       Bite              |     2 |     3 |    16 ||    21
       Dagger            |       |    15 |    37 ||    52
       Punch             |       |     1 |     1 ||     2
       Flail             |       |       |    57 ||    57
 Fire: Blowgun           |       |       |    11 ||    11
 Cast: Freeze            |    21 |     3 |     7 ||    31
       Throw Frost       |     2 |     1 |       ||     3
       Ozocubu's Armour  |       |     1 |     1 ||     2
       Throw Icicle      |       |       |     1 ||     1
 Abil: Evoke Berserk Rag |       |       |     4 ||     4
Evoke: Wand              |       |     9 |     7 ||    16
  Use: Potion            |       |     4 |     5 ||     9
       Scroll            |       |     1 |     8 ||     9
 Stab: Sleeping          |     3 |     3 |     7 ||    13
  Eat: Ration            |     2 |       |       ||     2
Armor: Robe              |     4 |     3 |    25 ||    32
Dodge: Dodged            |    25 |    28 |   178 ||   231

Table legend:
 A = Turns spent in this place as a percentage of turns spent in the entire game.
 B = Non-inter-level travel turns spent in this place as a percentage of non-inter-level travel turns spent in the entire game.
 C = Inter-level travel turns spent in this place as a percentage of turns spent in this place.
 D = Turns resting spent in this place as a percentage of non-inter-level travel turns spent in this place.
 E = Turns spent auto-exploring this place as a percentage of non-inter-level travel turns spent in this place.
 F = Non-inter-level travel turns spent in this place divided by the number of levels of this place that you've seen.
                   A       B       C       D       E      F
               +-------+-------+-------+-------+-------+----------------------
         Total | 100.0 | 100.0 |   0.6 |   0.0 |   0.0 | 247.1
       Dungeon |  98.3 |  98.2 |   0.6 |   0.0 |   0.0 | 273.1
        Temple |   1.7 |   1.8 |   0.0 |   0.0 |   0.0 |  39.0
               +-------+-------+-------+-------+-------+----------------------

Table legend:
 A = Kills in this place as a percentage of kills in entire the game.
 B = Kills by you in this place as a percentage of kills by you in the entire game.
 C = Kills by friends in this place as a percentage of kills by friends in the entire game.
 D = Other kills in this place as a percentage of other kills in the entire game.
 E = Experience gained in this place as a percentage of experience gained in the entire game.
 F = Experience gained in this place divided by the number of levels of this place that you have seen.
                   A       B       C       D       E      F
               +-------+-------+-------+-------+-------+----------------------
         Total | 100.0 | 100.0 |   N/A |   N/A | 100.0 | 371.2
       Dungeon |  98.9 |  98.9 |   N/A |   N/A |  96.0 | 401.1
        Temple |   1.1 |   1.1 |   N/A |   N/A |   4.0 | 132.0
               +-------+-------+-------+-------+-------+----------------------

Vault maps used:
D:1:      dpeg_arrival_tiny_a
D:2:      eat_drink_and_be_merry_uskayaw
D:3:      lemuel_another_geyser
D:4:      uniq_grinder
D:5:      elyvilon_altar_1, first_ration
D:6:      minmay_temple_entry_grid, uniq_prince_ribbit1
D:7:      lemuel_doored_altar, nicolae_dithmenos_the_darkroom, st_stairs_12,
          grunt_ministairs_4, uniq_crazy_yiuf_cottage, uniq_menkaure
D:8:      old_standard_altar, grunt_livestock
Temple:   nicolae_temple_great_sept
